 Dungeon Crawl Stone Soup version 0.23.2-40-g277498a001 (webtiles) character file.

Game seed: 12421300545087426751

445 Descartes the Ruffian (level 7, -7/32 HPs)
             Began as a Vine Stalker Transmuter on Oct 14, 2019.
             Was an Initiate of Dithmenos.
             Mangled by an ice beast (11 damage)
             ... on level 5 of the Dungeon.
             The game lasted 00:08:29 (3992 turns).

Descartes the Ruffian (Vine Stalker Transmuter)     Turns: 3992, Time: 00:08:31

Health: -7/32      AC:  2    Str: 15    XL:     7   Next: 3%
Magic:  0/20       EV: 13    Int: 13    God:    Dithmenos [......]
Gold:   206        SH:  0    Dex: 17    Spells: 1/10 levels left

rFire    . . .     SeeInvis .     - Unarmed
rCold    . . .     Gourm    .   (no shield)
rNeg     . . .     Faith    .   b - +0 robe
rPois    .         Spirit   +   (no helmet)
rElec    .         Reflect  .   (no cloak)
rCorr    .         Harm     .   (no gloves)
MR       .....                  (no boots)
Stlth    +++.......             (no amulet)
HPRegen  0.50/turn              l - ring of magical power
MPRegen  0.17/turn              n - +3 ring of dexterity

@: lethally poisoned (-7 -> -9)
A: fangs 2, regeneration 1, magic shield, antimagic bite, no potion heal 3, rot
immunity
a: Renounce Religion


You were on level 5 of the Dungeon.
You worshipped Dithmenos.
Dithmenos was noncommittal.
You were not hungry.

You visited 2 branches of the dungeon, and saw 6 of its levels.

You collected 206 gold pieces.

Inventory:

Hand Weapons
 p - a +2 dagger of holy wrath
 q - a +0 hunting sling
 F - a +0 club
Missiles
 a - 67 arrows
 c - 89 stones (quivered)
 i - 65 sling bullets
 k - 46 poisoned needles
 m - 5 tomahawks
 x - 35 bolts
 G - 3 poisoned javelins
Armour
 b - a +0 robe (worn)
Magical Staves
 u - an uncursed staff of earth {unknown}
Jewellery
 l - a ring of magical power (left hand)
 n - a +3 ring of dexterity (right hand)
 H - an uncursed ring of flight
Scrolls
 f - 5 scrolls of identify {unknown}
 g - 3 scrolls of amnesia {unknown}
 o - 2 scrolls of remove curse {unknown}
 r - a scroll of teleportation {unknown}
 s - 2 scrolls of magic mapping {unknown}
 t - a scroll of enchant weapon {unknown}
 v - 2 scrolls of enchant armour {unknown}
 y - a scroll of fog {unknown}
Potions
 e - 2 potions of heal wounds {unknown}
 h - 2 potions of haste {unknown}
 j - a potion of mutation {unknown}
 w - a potion of cancellation {unknown}
 z - 2 potions of degeneration {unknown}
 A - 3 potions of resistance {unknown}
 B - 2 potions of curing {unknown}
 C - 2 potions of agility {unknown}
 D - a potion of berserk rage {unknown}
Comestibles
 d - 8 rations
 E - 2 chunks of flesh


   Skills:
 - Level 0.8 Fighting
 + Level 2.2 Dodging
 + Level 4.0 Stealth
 * Level 5.4 Unarmed Combat
 - Level 2.1 Spellcasting
 + Level 3.6 Transmutations
 + Level 1.6 Invocations


You had one spell level left.
You knew the following spells:

 Your Spells              Type           Power        Failure   Level  Hunger
a - Blade Hands           Tmut           ##........   83%         5    ######.
b - Sticks to Snakes      Tmut           ##......     9%          2    ###....
c - Confusing Touch       Hex            #.....       26%         1    ##.....
d - Beastly Appendage     Tmut           ##....       5%          1    ##.....

Your spell library contained the following spells:

 Spells                   Type           Power        Failure   Level  Hunger
 Spider Form              Tmut/Pois      #.........   34%         3    ####...
 Confuse                  Hex            #.......     58%         3    ####...
 Gell's Gravitas          Tloc           #.........   58%         3    ####...
 Ice Form                 Ice/Tmut       #.......     75%         4    #####..
 Petrify                  Tmut/Erth      #.......     75%         4    #####..
 Yara's Violent Unravell  Hex/Tmut       #.........   97%         5    ######.
 Metabolic Englaciation   Hex/Ice        #.........   100%        5    ######.


Dungeon Overview and Level Annotations

Branches:
Dungeon (5/15)             Temple (1/1) D:4

Altars:
Ashenzari
Cheibriados
Dithmenos
Elyvilon
Fedhas
Gozag
Hepliaklqana
Kikubaaqudgha
Makhleb
Nemelex Xobeh
Okawaru
Qazlal
Uskayaw
Vehumet
Wu Jian
Yredelemnul
Zin
The Shining One


Innate Abilities, Weirdness & Mutations

You have extremely sharp teeth.
Your natural rate of healing is unusually fast.
When hurt, damage is shared between your health and your magic reserves.
Your bite disrupts and absorbs the magic of your enemies.
Potions cannot restore your health.
You are immune to rotting.


Message History

You hit the ice beast but do no damage.
The ice beast is moderately wounded.
You feel sick. The ice beast closely misses you.
You hit the ice beast. Your kick misses the ice beast.
The ice beast is moderately wounded.
You feel sick. The ice beast hits you. The ice beast freezes you.
* * * LOW HITPOINT WARNING * * *
You closely miss the ice beast.
You claw the ice beast, but do no damage.
Your bite misses the ice beast.
The ice beast is moderately wounded.
Your talons disappear.
The ice beast barely misses you.
Casting: Beastly Appendage (safe; 5% risk of failure)
Confirm with . or Enter, or press ? or * to list all spells.
You create a snake!
You now have 67 arrows.
You feel sick. The ice beast hits you.
* * * LOW HITPOINT WARNING * * *
The ice beast freezes you!
You die...

.........#
.........#
:........#
.........#
.........
........##
.........#
......##†# ..(..
#@#
##.##.##Y#######.#
.......S..........
.#.##.##.#...###.
# #.#...# #.#<..#
#.#........
#.#...###.#
#.#.....


You could see an ice beast and a friendly adder.

Vanquished Creatures
  An ogre (D:4)
  A scorpion (D:5)
  A howler monkey (D:5)
  A hound (D:4)
  2 iguanas
  3 worker ants (D:4)
  5 adders
  4 worms
  3 dart slugs
  A leopard gecko (D:3)
  2 orcs
  2 giant cockroaches
  4 goblins (D:3)
  9 hobgoblins
  A jackal (D:1)
  6 kobolds
  3 quokkas
  5 bats
  2 frilled lizards
  11 rats
67 creatures vanquished.

Notes
Turn   | Place    | Note
-------+----------+-------------------------------------------
     0 | D:1      | Descartes the Vine Stalker Transmuter began the quest for
                  | the Orb.
     0 | D:1      | Reached XP level 1. HP: 9/9 MP: 4/4
   155 | D:1      | Reached XP level 2. HP: 11/14 MP: 6/6
   278 | D:1      | Reached skill level 1 in Stealth
  1171 | D:2      | Reached XP level 3. HP: 5/17 MP: 7/7
  2015 | D:2      | Found a hazy altar of Hepliaklqana.
  2173 | D:2      | Reached skill level 4 in Unarmed Combat
  2173 | D:2      | Gained mutation: Your natural rate of healing is unusually
                  | fast. [Vine Stalker growth]
  2173 | D:2      | Reached XP level 4. HP: 21/21 MP: 8/8
  2245 | D:2      | Found a snail-covered altar of Cheibriados.
  2373 | D:2      | Found an opulent altar of Gozag.
  2492 | D:2      | Found a burning altar of Makhleb.
  2492 | D:2      | Noticed a cacodemon
  2495 | D:2      | Noticed a hellwing
  2495 | D:2      | Noticed a neqoxec
  2632 | D:3      | Found a shattered altar of Ashenzari.
  2925 | D:3      | Found a hide-covered altar of Uskayaw.
  2935 | D:3      | HP: 1/21 [iguana (5)]
  2937 | D:3      | Reached XP level 5. HP: 2/25 MP: 1/9
  3240 | D:3      | Found a shadowy altar of Dithmenos.
  3248 | D:3      | Became a worshipper of Dithmenos the Shadowed
  3426 | D:4      | Noticed an ogre
  3437 | D:4      | Killed an ogre
  3437 | D:4      | Reached XP level 6. HP: 18/29 MP: 10/10
  3513 | D:4      | Reached skill level 5 in Unarmed Combat
  3517 | D:4      | Reached skill level 1 in Invocations
  3548 | D:4      | Found a staircase to the Ecumenical Temple.
  3584 | Temple   | Entered the Ecumenical Temple
  3790 | D:4      | Learned a level 5 spell: Blade Hands
  3792 | D:4      | Learned a level 1 spell: Confusing Touch
  3795 | D:4      | Learned a level 2 spell: Sticks to Snakes
  3814 | D:4      | Found a stormy altar of Qazlal.
  3815 | D:4      | Noticed a water elemental
  3818 | D:4      | Noticed a fire elemental
  3823 | D:4      | Noticed an air elemental
  3840 | D:4      | Found an ancient bone altar of Kikubaaqudgha.
  3961 | D:5      | Entered Level 5 of the Dungeon
  3979 | D:5      | Noticed an ice beast
  3987 | D:5      | Reached XP level 7. HP: 11/32 MP: 7/11
  3992 | D:5      | Mangled by an ice beast

Skill      XL: |  1  2  3  4  5  6 |
---------------+-------------------+-----
Stealth        | 1 2 3 4 |  4.0
Unarmed Combat | 4 5 |  5.4
Transmutations | 3 |  3.6
Invocations    | 1 |  1.6
Dodging        | 2 |  2.2
Fighting       | |  0.8
Spellcasting   | |  2.1

Action                   |  1- 3 |  4- 6 |  7- 9 || total
-------------------------+-------+-------+-------++-------
Melee: Unarmed           |   120 |   140 |     4 ||   264
       Bite              |    30 |    39 |       ||    69
       Punch             |     2 |     3 |       ||     5
       Headbutt          |     2 |    10 |       ||    12
       Kick              |       |     5 |     2 ||     7
 Cast: Beastly Appendage |     1 |     7 |       ||     8
       Sticks to Snakes  |       |       |     1 ||     1
 Stab: Sleeping          |     1 |     2 |       ||     3
  Eat: Chunk             |     4 |     6 |       ||    10
Armor: Robe              |    11 |    13 |       ||    24
Dodge: Dodged            |    69 |    88 |     3 ||   160
